 Dungeon Crawl Stone Soup version 0.17-a0-1545-gc1bb672 (console) character file.

2674 hyperkellhus the Martial Artist (level 9, -2/62 HPs)
             Began as a Demonspawn Skald on July 18, 2015.
             Was a Believer of Okawaru.
             Killed from afar by Sigmund (15 damage)
             ... with a wand of lightning
             ... on level 8 of the Dungeon.
             The game lasted 00:24:28 (11553 turns).

hyperkellhus the Martial Artist (Demonspawn Skald) Turns: 11553, Time: 00:24:28

Health: -2/62      AC: 10    Str: 14    XL:     9   Next: 37%
Magic:  10/12      EV: 15    Int: 13    God:    Okawaru [**....]
Gold:   163        SH:  0    Dex: 15    Spells: 1 memorised, 11 levels left

rFire  . . .     SeeInvis .     b - +0 blowgun
rCold  . . .     Clarity  .     Q - +3 leather armour
rNeg   . . .     SustAt   .     (no shield)
rPois  .         Gourm    .     (helmet restricted)
rElec  .         Spirit   .     (no cloak)
rCorr  .         Warding  .     p - +0 pair of gloves
rMut   .         Stasis   .     v - +1 pair of boots
MR     .....                    (no amulet)
Stlth  +++++.....               (no ring)
                                o - ring of flight

@: heroism, not resistant to hostile enchantments, quite stealthy
A: hooves 2, horns 1, nightstalker 2, powered by pain 2
a: Heroism, Renounce Religion, Evoke Flight


You were on level 8 of the Dungeon.
You worshipped Okawaru.
Okawaru was pleased with you.
You were not hungry.

You visited 1 branch of the dungeon, and saw 8 of its levels.

You collected 247 gold pieces.
You spent 84 gold pieces at shops.

Inventory:

Hand weapons
 b - a +0 blowgun (weapon)
 f - a +0 spear
 L - a +0 halberd of protection
 R - a +3 spear of venom
 T - a +1 spear of distortion
 Y - a +0 trident of protection
Missiles
 D - 6 throwing nets
 Z - 15 poisoned needles (quivered)
Armour
 p - a +0 pair of gloves (worn)
 v - a +1 pair of boots (worn)
 K - a +0 plate armour
 N - a +3 ring mail of positive energy
 Q - a +3 leather armour (worn)
 X - the +1 leather armour of the Abyss {Regen+}
   (You took it off a kobold on level 7 of the Dungeon)

   It increases your rate of regeneration.
Jewellery
 o - a ring of flight (left hand)
Magical devices
 M - a wand of random effects (8)
 P - a wand of lightning (7)
Scrolls
 j - a scroll of enchant armour
 k - 4 scrolls of identify
 u - 3 scrolls of teleportation
 A - a scroll of fog
 C - 2 scrolls of remove curse
 S - 2 scrolls of magic mapping
 U - a scroll of noise {unknown}
 W - 2 scrolls of blinking {unknown}
Potions
 t - a potion of brilliance {unknown}
 w - 3 potions of flight
 z - a potion of berserk rage {unknown}
 H - 5 potions of curing
 V - a potion of haste {unknown}
Books
 c - a book of Battle

   Spells                             Type                      Level
   a - Infusion                       Charms                       1
   b - Shroud of Golubria             Charms/Translocation         2
   c - Song of Slaying                Charms                       2
   d - Spectral Weapon                Hexes/Charms                 3
   e - Regeneration                   Charms/Necromancy            3
 I - a Necronomicon

   Spells                             Type                      Level
   a - Haunt                          Necromancy/Summoning         7
   b - Borgnjor's Revivification      Necromancy                   8
   c - Death's Door                   Charms/Necromancy            8
   d - Necromutation                  Transmutation/Necromancy     8
 O - a book of Enchantments

   Spells                             Type                      Level
   a - Cause Fear                     Hexes                        4
   b - Silence                        Hexes/Air                    5
   c - Deflect Missiles               Charms/Air                   6
   d - Haste                          Charms                       6
   e - Discord                        Hexes                        8
Comestibles
 d - 3 bread rations
 s - 3 meat rations


   Skills:
 + Level 2.9(7.9) Fighting
 - Level 5.0(10.0) Polearms
 - Level 0.8(5.8) Armour
 - Level 0.8(5.8) Dodging
 - Level 10.5(15.5) Unarmed Combat
 - Level 2.0 Spellcasting
 - Level 2.6 Charms


You had 11 spell levels left.
You knew the following spells:

 Your Spells              Type           Power        Failure   Level  Hunger
a - Infusion              Chrm           #.....       12%         1    ##.....


Dungeon Overview and Level Annotations

Branches:
Dungeon (8/15)             Temple (0/1) D:6
   Lair: D:8-11

Altars:
Ashenzari
Dithmenos
Elyvilon
Fedhas
Kikubaaqudgha
Nemelex Xobeh
Okawaru
Qazlal
Ru
Sif Muna
Xom
Yredelemnul
Zin

Shops:
D:4 !   D:5 [

Annotations:
D:2 Terence
D:4 exclusion: ogre
D:7 exclusions: 2 orcs, orc priest and orc warrior, Noname's ghost, experienced HaBe
D:8 Sigmund


Innate Abilities, Weirdness & Mutations

You have hoof-like feet.
You have a pair of small horns on your head.
You are significantly more attuned to the shadows.
You sometimes gain power by taking damage.


Message History

An adder comes into view.
Firing (i - inventory. (,) - cycle):
Z - 16 poisoned needles (quivered)
Press: ? - help, Shift-Dir - straight line, f - Sigmund
Aim: Sigmund, wielding a scythe and wearing a robe (hasn't noticed you)
You shoot a poisoned needle. The poisoned needle hits Sigmund!
Sigmund is poisoned.
Sigmund zaps a wand.
The bolt of lightning hits you!
* * * LOW HITPOINT WARNING * * *
It is a wand of lightning.
Drink which item? (? for menu, Esc to quit)
Okay, then.
Evoke which item? (* to show all) (? for menu, Esc to quit)
Okay, then.
Use which ability? (? or * to list)
You gain the combat prowess of a mighty hero.
You feel slightly more hungry.
Drink which item? (? for menu, Esc to quit)
You feel better.
Sigmund says, "Now you see me, now you don't..."
Sigmund zaps a wand.
The bolt of lightning hits you!
You die...

...........#.#
.....##)#%.#.#
#......<#.#
#...###.#{)..#
.........).÷.#
#..(##.####(## .
#. #@# .. #.# #.#
#..###.# #@#
##...##.# #†#
###.....#.# #S#
..........# #.#
#####.....#.####.#
............@>>..#
..###.#..#######.#
#((@(.##.# #.#
(@######.# #.#


You could see Sigmund and an adder.

Vanquished Creatures
  Joseph (D:8)
  A troll (D:7)
  A hungry ghost (D:4)
  Menkaure (D:5)
  An orc warrior (D:6)
  A phantom (D:6)
  A sky beast (D:8)
  2 centaurs
  An ice beast (D:6)
  Blork the orc (D:5)
  4 giant frogs
  A gnoll sergeant (D:8)
  A giant frog zombie (D:8)
  5 crimson imps
  A centaur zombie (D:7)
  2 orc priests
  2 hounds
  Jessica (D:3)
  2 iguanas
  2 worker ants
  2 hound skeletons
  18 gnolls
  13 adders
  An ooze (D:4)
  An adder skeleton (D:5)
  3 worms
  6 giant geckos
  9 orcs
  21 bats
  A bat skeleton (D:6)
  A bat zombie (D:5)
  4 giant cockroaches
  13 goblins
  19 hobgoblins
  12 jackals
  21 kobolds
  6 quokkas
  4 ball pythons
  A giant cockroach zombie (D:5)
  7 giant newts
  A quokka zombie (D:6)
  15 rats
211 creatures vanquished.

Vanquished Creatures (others)
  A goblin (D:1)
  13 fungi (D:8)
  4 plants (D:8)
18 creatures vanquished.

Grand Total: 229 creatures vanquished

Notes
Turn   | Place    | Note
--------------------------------------------------------------
     0 | D:1      | hyperkellhus the Demonspawn Skald began the quest for the Orb.
     0 | D:1      | Reached XP level 1. HP: 16/16 MP: 3/3
   287 | D:1      | Gained mutation: You sometimes gain a little power by taking damage. [demonic ancestry]
   287 | D:1      | Reached XP level 2. HP: 22/22 MP: 0/5
   636 | D:1      | Reached skill level 3 in Polearms
   881 | D:1      | Gained mutation: You are slightly more attuned to the shadows. [demonic ancestry]
   881 | D:1      | Reached XP level 3. HP: 27/27 MP: 2/6
  2039 | D:2      | Reached skill level 4 in Polearms
  2039 | D:2      | Gained mutation: You are significantly more attuned to the shadows. [demonic ancestry]
  2039 | D:2      | Reached XP level 4. HP: 22/33 MP: 0/7
  3097 | D:3      | Gained mutation: You have large cloven feet. [demonic ancestry]
  3097 | D:3      | Reached XP level 5. HP: 31/38 MP: 4/8
  3151 | D:3      | Noticed Jessica
  3153 | D:3      | Killed Jessica
  3153 | D:3      | Reached skill level 1 in Unarmed Combat
  3336 | D:3      | Reached skill level 5 in Polearms
  3337 | D:3      | Found an iron altar of Okawaru.
  3592 | D:3      | Became a worshipper of Warmaster Okawaru
  3707 | D:3      | Noticed Terence
  4343 | D:3      | Reached XP level 6. HP: 33/44 MP: 1/9
  4602 | D:4      | Found a shadowy altar of Dithmenos.
  5654 | D:4      | Found Meschef's Distillery.
  5659 | D:4      | Bought a potion of curing for 42 gold pieces
  5659 | D:4      | Bought a potion of curing for 42 gold pieces
  6041 | D:5      | Entered Level 5 of the Dungeon
  6091 | D:5      | Found a sparkling altar of Nemelex Xobeh.
  6320 | D:5      | Found Ucviqiz's Armour Emporium.
  6383 | D:5      | Noticed a hungry ghost
  6455 | D:4      | Killed a hungry ghost
  6455 | D:4      | Reached skill level 5 in Unarmed Combat
  6455 | D:4      | Gained mutation: You sometimes gain power by taking damage. [demonic ancestry]
  6455 | D:4      | Reached XP level 7. HP: 23/50 MP: 10/10
  6928 | D:5      | Noticed Blork the orc
  7329 | D:5      | Killed Blork the orc
  7329 | D:5      | Acquired Okawaru's first power
  7412 | D:5      | Reached skill level 6 in Unarmed Combat
  7588 | D:5      | Noticed Menkaure
  7600 | D:5      | Killed Menkaure
  7900 | D:5      | Gained mutation: You have hoof-like feet. [demonic ancestry]
  7900 | D:5      | Reached XP level 8. HP: 56/56 MP: 7/11
  7998 | D:5      | Reached skill level 7 in Unarmed Combat
  8223 | D:6      | Found a white marble altar of Elyvilon.
  8223 | D:6      | Found a deep blue altar of Sif Muna.
  8223 | D:6      | Found a shattered altar of Ashenzari.
  8375 | D:6      | Found a sacrificial altar of Ru.
  8515 | D:6      | Found a basalt altar of Yredelemnul.
  8590 | D:6      | Found a glowing silver altar of Zin.
  8703 | D:6      | Found a blossoming altar of Fedhas.
  8704 | D:6      | Found a stormy altar of Qazlal.
  8726 | D:6      | Found an ancient bone altar of Kikubaaqudgha.
  8846 | D:6      | Found a staircase to the Ecumenical Temple.
  8894 | D:6      | Reached skill level 8 in Unarmed Combat
  9697 | D:7      | Found a shimmering altar of Xom.
  9766 | D:7      | Noticed Noname's ghost (experienced HaBe)
 10400 | D:7      | Got a pitted leather armour
 10460 | D:7      | Identified the +1 leather armour of the Abyss {Regen+} (You took it off a kobold on level 7 of the Dungeon)
 10764 | D:7      | Noticed a troll
 10771 | D:7      | Killed a troll
 10771 | D:7      | Reached skill level 9 in Unarmed Combat
 10971 | D:7      | Gained mutation: You have a pair of small horns on your head. [demonic ancestry]
 10971 | D:7      | Reached XP level 9. HP: 43/61 MP: 5/12
 11232 | D:8      | Noticed Joseph
 11306 | D:8      | Killed Joseph
 11306 | D:8      | Reached skill level 10 in Unarmed Combat
 11549 | D:8      | Noticed Sigmund
 11553 | D:8      | Killed from afar by Sigmund

Vault maps used:
D:1:      eino_arrival_water_cross, minmay_misc_feat_rows,
          minmay_misc_feat_enclosed, roderic_greek_sauvastika,
          lemuel_flame_loot_1
D:3:      nicolae_overflow_crystal_walls, uniq_terence, uniq_jessica
D:4:      nicolae_dithmenos_shadow_blocks, serial_shops, shop
D:5:      wad_pebble_path, first_bread, serial_shops, shop, basic_altar,
          uniq_blork_the_orc, uniq_menkaure
D:6:      grunt_temple_overflow_forces_of_nature, kennysheep_mini,
          yredelemnul_altar_generic, kiku_gazebo_garden_becter,
          nicolae_overflow_quartered_altars, minmay_temple_entry_hall,
          uniq_sigmund
D:7:      basic_altar
D:8:      grunt_lair_entry_elf_guard_hut, uniq_erolcha, uniq_joseph, uniq_pikel

Action                   |  1- 3 |  4- 6 |  7- 9 || total
-------------------------+-------+-------+-------++-------
Melee: Spear             |   142 |   336 |       ||   478
       Unarmed           |       |    34 |   294 ||   328
       Halberd           |       |       |    53 ||    53
 Fire: Blowgun           |       |       |    12 ||    12
 Cast: Infusion          |    32 |    56 |    51 ||   139
Invok: Heroism           |       |       |     6 ||     6
Evoke: Wand              |       |       |     5 ||     5
  Use: Potion            |       |     3 |     1 ||     4
       Scroll            |       |       |    11 ||    11
 Stab: Distracted        |     1 |       |     1 ||     2
       Sleeping          |     3 |    24 |     8 ||    35
  Eat: Chunk             |     4 |    14 |    12 ||    30
       Bread ration      |       |     3 |       ||     3
       Beef jerky        |       |     1 |       ||     1
       Meat ration       |       |       |     1 ||     1
